 Dungeon Crawl Stone Soup version 0.27.0-1-g7a089689b8 (webtiles) character file.

Game seed: 10603737787948849227

36 Sobieck the Grasshopper (level 3, -1/36 HPs)
             Began as an Ogre Warper on Aug 11, 2021.
             Slain by a goblin (3 damage)
             ... on level 3 of the Dungeon.
             The game lasted 00:03:06 (1578 turns).

Sobieck the Grasshopper (Ogre Warper)               Turns: 1578, Time: 00:03:07

Health: -1/36      AC:  3    Str: 15    XL:     3   Next: 37%
Magic:  6/6        EV:  9    Int: 15    God:
Gold:   46         SH:  0    Dex:  8    Spells: 4/6 levels left

rFire    . . .     SeeInvis .   a - +0 mace {mace}
rCold    . . .     Faith    .   (no shield)
rNeg     . . .     Spirit   .   b - +0 robe
rPois    .         Reflect  .   (helmet restricted)
rElec    .         Harm     .   (no cloak)
rCorr    .         Rampage  .   (gloves unavailable)
Will     .....                  (boots unavailable)
Stlth    +.........             (no amulet)
HPRegen  0.12/turn              (no ring)
MPRegen  0.10/turn              (no ring)

@: attractive
A: large, unfitting armour, tough skin 1
a: no special abilities


You were on level 3 of the Dungeon.
You visited 1 branch of the dungeon, and saw 3 of its levels.

You collected 46 gold pieces.


Innate Abilities, Weirdness & Mutations

You are too large for most types of armour.
You have tough skin. (AC +1)


   Skills:
 - Level 2.6 Fighting
 * Level 2.7 Maces & Flails
 - Level 1.0 Throwing
 - Level 2.1 Dodging
 - Level 2.4 Spellcasting
 + Level 3.3 Translocations


You had 4 spell levels left.
You knew the following spells:

 Your Spells              Type           Power      Damage    Failure   Level
a - Blink                 Tloc           N/A        N/A       9%          2

Your spell library contained the following spells:

 Spells                   Type           Power      Damage    Failure   Level
 Gell's Gravitas          Tloc           5%         N/A       16%         3
 Lesser Beckoning         Tloc           5%         N/A       16%         3
 Teleport Other           Tloc           11%        N/A       16%         3
 Frozen Ramparts          Ice            2%         1d2       54%         3
 Ice Form                 Ice/Tmut       1%         N/A       91%         4
 Summon Ice Beast         Ice/Summ       1%         N/A       91%         4
 Manifold Assault         Tloc           11%        N/A       83%         5

Inventory:

Hand Weapons
 a - a +0 mace (weapon) {mace}
Missiles
 d - 5 boomerangs of dispersal {=f!fthrowing}
 e - 5 boomerangs (quivered) {throwing}
 h - 34 stones {throwing}
 l - 11 sling bullets
Armour
 b - a +0 robe (worn)
Scrolls
 c - a scroll of blinking {!r}
 f - 3 scrolls of teleportation {unknown}
 g - a scroll of acquirement {unknown}
 k - a scroll of fear {unknown}
 n - a scroll of identify {unknown}
Potions
 i - a potion of brilliance {unknown}
 m - a potion of curing {@q1}

Dungeon Overview and Level Annotations

Branches:
Dungeon (3/15)

Altars:

Annotations:
D:3 Natasha

#++# ## ##..##
##
#..#....#..#.#
#....g.......#
#....h@S.....#
#......?.....#
#............#
##.....!..#.##
#...$......#
#............
#............#
#.......<....#


You could see Natasha, an adder and a goblin.


Message History

The stone {throwing} closely misses the goblin.
You barely miss the goblin. The goblin hits you but does no damage.
You barely miss the goblin. The goblin hits you but does no damage.
You hit the goblin.
You kill the goblin!
No target in view!
Things that are here:
a +0 dagger {short}; a goblin corpse
h - 30 stones {throwing} (gained 1)
You now have 46 gold pieces (gained 10).
h - 31 stones {throwing} (gained 1)
h - 33 stones {throwing} (gained 2)
h - 34 stones {throwing} (gained 1);
n - a scroll labelled VECRUG ZENE Unknown command.
h - 36 stones {throwing} (gained 2)
h - 37 stones {throwing} (gained 1)
You pick up a book of Rime and begin reading...
You add the spells Frozen Ramparts, Ice Form and Summon Ice Beast to your library.
Unknown command.
There is an open door here.
You open the door.
There is an open door here.
Found a stone staircase leading down.
Unknown command.
A frilled lizard comes into view.
The frilled lizard moves out of view.
Found a stone staircase leading up.
There is a stone staircase leading down here.
Unknown command.
An adder comes into view.
The adder hisses angrily.
Danger!
You throw a stone {throwing}. The stone {throwing} misses the adder.
You throw a stone {throwing}. The stone {throwing} misses the adder.
You throw a stone {throwing}.
The stone {throwing} barely misses the adder.
Unknown command.
You throw a boomerang {throwing}.
The boomerang {throwing} barely misses the adder.
The adder bites you.
You hit the adder. The adder bites you.
You barely miss the adder. The adder bites you.
You are poisoned.
The adder poisons you! The adder bites you.
You are more poisoned.
The adder poisons you!
You barely miss the adder.
You feel very sick. The adder bites you.
Unknown command.
You closely miss the adder.
You feel sick. The adder barely misses you. The adder bites you.
* * * LOW HITPOINT WARNING * * *
You are more poisoned.
The adder poisons you!
You feel sick.
The frilled lizard hisses angrily.
There is a stone staircase leading down here.
Unknown command.
You feel sick. The adder closely misses you. The adder bites you.
* * * LOW HITPOINT WARNING * * *
You are lethally poisoned!
The adder poisons you!
You climb downwards.
You hear the sound of rushing water.
There is an entrance to a sewer on this level.
Hurry and find it before the portal rusts away!
A goblin and Natasha come into view.
* * * LOW HITPOINT WARNING * * *
You feel sick.
Natasha hisses angrily.
The goblin shouts!
Found a scroll labelled MUMEYPNEICS, a cyan potion and 16 gold pieces.
Found a stone staircase leading up.
There is a stone staircase leading up here.
It was a potion of curing.
You feel better. The adder bites you.
* * * LOW HITPOINT WARNING * * *
Natasha claws you.
* * * LOW HITPOINT WARNING * * *
It was a potion of attraction.
You feel attractive to monsters. The adder closely misses you.
Natasha claws you but does no damage.
Unknown command.
You hit the adder. The adder barely misses you.
The goblin hits you with a +0 dagger.
* * * LOW HITPOINT WARNING * * *
Natasha claws you.
* * * LOW HITPOINT WARNING * * *
The adder bites you but does no damage. The goblin hits you but does no damage.
Unknown command.
You closely miss the adder. The adder bites you but does no damage.
Natasha claws you.
* * * LOW HITPOINT WARNING * * *
The goblin barely misses you.
Unknown command.
You closely miss the adder. The adder closely misses you. Natasha claws you.
* * * LOW HITPOINT WARNING * * *
The goblin barely misses you. The adder barely misses you.
Unknown command.
You miss the goblin. The adder barely misses you.
Natasha claws you but does no damage. The goblin hits you with a +0 dagger.
You die...

Skill      XL: |  1 |
---------------+----+-----
Maces & Flails | 2 |  2.7
Translocations | 3 |  3.3
Fighting       | |  2.6
Throwing       | |  1.0
Dodging        | |  2.1
Spellcasting   | |  2.4

Action                   || total
-------------------------++-------
Melee: Mace              ||    91
Throw: Stone             ||    70
       Boomerang         ||     1
  Use: Potion            ||     2
Armor: Robe              ||    36
Dodge: Dodged            ||    43

Levels and vault maps discovered:
D:1:      saegor_arrival_simple_b, layout_basic,
          chequers_ecumenical_altar_simple
D:2:      layout_basic, uniq_robin
D:3:      layout_rooms, gammafunk_temple_overflow_wave,
          lightli_sewer_entry_pipes, minmay_door_square, minmay_strange_pillars,
          uniq_natasha

Notes
Turn   | Place    | Note
-------+----------+-------------------------------------------
     0 | D:1      | Sobieck the Ogre Warper began the quest for the Orb.
     0 | D:1      | Reached XP level 1. HP: 22/22 MP: 3/3
   108 | D:1      | HP: 4/22 [hobgoblin (2)]
   114 | D:1      | Reached skill level 2 in Maces & Flails
   422 | D:1      | Reached skill level 3 in Translocations
   422 | D:1      | Reached XP level 2. HP: 22/29 MP: 5/5
   435 | D:1      | Learned a level 2 spell: Blink
   567 | D:1      | Found a faded altar of an unknown god.
  1167 | D:1      | Reached XP level 3. HP: 36/36 MP: 6/6
  1510 | D:2      | You pick up a book of Rime and begin reading...
  1510 | D:2      | You add the spells Frozen Ramparts, Ice Form and Summon Ice
                  | Beast to your library.
  1572 | D:3      | Noticed Natasha
  1572 | D:3      | HP: 8/36 [poisoned by an adder]
  1577 | D:3      | HP: 2/36 [Natasha (2)]
  1578 | D:3      | Slain by a goblin

Vanquished Creatures
  2 bats (D:1)
  3 giant cockroaches
  5 goblins
  5 hobgoblins (D:1)
  3 jackals (D:1)
  3 kobolds
  A quokka (D:2)
  A ball python (D:1)
  4 frilled lizards
  5 rats
32 creatures vanquished.

Table legend:
 A = Non-vault XP
 B = Vault XP
 C = Vault XP percentage of total XP
 D = Non-vault monster count
 E = Vault monster count
 F = Vault count percentage of total count
                 A         B        C        D         E       F
            +---------+---------+-------+---------+---------+-------
      Total |      52 |       0 |   0.0 |      32 |       0 |   0.0
            +---------+---------+-------+---------+---------+-------
        D:1 |      37 |       0 |   0.0 |      23 |       0 |   0.0
        D:2 |      15 |       0 |   0.0 |       9 |       0 |   0.0
            +---------+---------+-------+---------+---------+-------

Illustrated notes

Table legend:
 A = Kills in this place as a percentage of kills in entire the game.
 B = Kills by you in this place as a percentage of kills by you in the entire game.
 C = Kills by friends in this place as a percentage of kills by friends in the entire game.
 D = Other kills in this place as a percentage of other kills in the entire game.
 E = Experience gained in this place as a percentage of experience gained in the entire game.
 F = Experience gained in this place divided by the number of levels of this place that you have seen.
                   A       B       C       D       E      F
               +-------+-------+-------+-------+-------+----------------------
         Total | 100.0 | 100.0 |   N/A |   N/A | 100.0 |  17.3
       Dungeon | 100.0 | 100.0 |   N/A |   N/A | 100.0 |  17.3
               +-------+-------+-------+-------+-------+----------------------

Table legend: (Time is in decaauts)
 A = Elapsed time spent in this place.
 B = Non-inter-level travel time spent in this place.
 C = Inter-level travel time spent in this place.
 D = Time resting spent in this place.
 E = Time spent auto-exploring this place.
 F = Levels seen in this place.
 G = Mean time per level.
                   A        B        C        D        E       F      G
               +--------+--------+--------+--------+--------+-----+--------+
         Total |   1606 |   1594 |     12 |    390 |    930 |   3 |  535.3 |
       Dungeon |   1606 |   1594 |     12 |    390 |    930 |   3 |  535.3 |
               +--------+--------+--------+--------+--------+-----+--------+

Top non-repeatable levels by time:
     D:1: 1260 daAuts
     D:2: 340 daAuts
     D:3: 6 daAuts
